NYP
IDAHO FALLS CHUKARS @ ABERDEEN IRONBIRDS
07/20/2048
 
TOP OF THE 1ST
Mahoning Valley Scrappers batting - Pitching for Aberdeen Ironbirds : RHP Pat Warne
Pitching: RHP Pat Warne
Batting: RHB Ryan Martins 0-0: Ball
1-0: Called Strike
1-1: Foul Ball, location: 2F
1-2: Ball
2-2: Ball
3-2: Strikes out swinging
Batting: LHB Adam Hill 0-0: Foul Ball, location: 2F
0-1: Ball
1-1: Swinging Strike
1-2: Ball
2-2: Strikes out swinging
Batting: RHB Justin Jennings 0-0: Ball
1-0: Ground out 6-3 (Groundball, 6, EV 80.6 MPH)
Top of the 1st over - 0 runs, 0 hits, 0 errors, 0 left on base; Mahoning Valley 0 - Aberdeen 0
BOTTOM OF THE 1ST
Aberdeen Ironbirds batting - Pitching for Mahoning Valley Scrappers : LHP Kyle Beach
Pitching: LHP Kyle Beach
Batting: LHB Suguru Tokunaga 0-0: Ball
1-0: Called Strike
1-1: Foul Ball, location: 2F
1-2: Ball
2-2: Ground out U3 (Groundball, 34S, EV 70.6 MPH)
Batting: RHB Andres Cervantes 0-0: Swinging Strike
0-1: Ball
1-1: Ground out 6-3 (Groundball, 6M, EV 86.3 MPH)
Batting: RHB Tenshou Takita 0-0: Called Strike
0-1: Foul Ball, location: 2F
0-2: Strikes out swinging
Bottom of the 1st over - 0 runs, 0 hits, 0 errors, 0 left on base; Mahoning Valley 0 - Aberdeen 0
TOP OF THE 2ND
Mahoning Valley Scrappers batting - Pitching for Aberdeen Ironbirds : RHP Pat Warne
Batting: LHB Cesar Valdez 0-0: Ball
1-0: Called Strike
1-1: Ball
2-1: Foul Ball, location: 2F
2-2: Strikes out looking
Batting: RHB Brad Heise 0-0: Ball
1-0: Swinging Strike
1-1: Foul Ball, location: 2F
1-2: Foul Ball, location: 2F
1-2: Strikes out swinging
Batting: LHB Adrian Engelhardt 0-0: Called Strike
0-1: Ball
1-1: Foul Ball, location: 2F
1-2: Ball
2-2: Foul Ball, location: 2F
2-2: Foul Ball, location: 2F
2-2: Ball
3-2: Foul Ball, location: 2F
3-2: Strikes out looking
Top of the 2nd over - 0 runs, 0 hits, 0 errors, 0 left on base; Mahoning Valley 0 - Aberdeen 0
BOTTOM OF THE 2ND
Aberdeen Ironbirds batting - Pitching for Mahoning Valley Scrappers : LHP Kyle Beach
Batting: RHB Omar Mascarenas 0-0: Called Strike
0-1: Ball
1-1: Called Strike
1-2: Ball
2-2: SINGLE (Flyball, 56D, EV 95.6 MPH)
Batting: RHB Brian Parker 0-0: Ball
Passed Ball!
Omar Mascarenas to second
1-0: Foul Ball, location: 2F
1-1: Ball
2-1: Called Strike
2-2: Ball
Passed Ball!
Omar Mascarenas to third
3-2: Base on Balls
Batting: RHB Jose Vasquez 0-0: Ball
1-0: Called Strike
1-1: Fielders Choice at 2nd, 3-6 (Groundball, 3S, EV 78.1 MPH)
Omar Mascarenas scores
Batting: RHB Matt All 0-0: Foul Ball, location: 2F
0-1: Swinging Strike
Passed Ball!
Jose Vasquez to second
0-2: Ball
1-2: Ball
Passed Ball!
Jose Vasquez to third
2-2: Strikes out swinging
Batting: RHB Juan Fernandez 0-0: Ground out 5-3 (Groundball, 56, EV 98.1 MPH)
Bottom of the 2nd over - 1 run, 1 hit, 0 errors, 1 left on base; Mahoning Valley 0 - Aberdeen 1
TOP OF THE 3RD
Mahoning Valley Scrappers batting - Pitching for Aberdeen Ironbirds : RHP Pat Warne
Batting: RHB Mike Womack 0-0: Ball
1-0: Fly out, F7 (Flyball, 7D, EV 85.6 MPH)
Batting: RHB Nick Lawrence 0-0: Foul Ball, location: 2F
0-1: Foul Ball, location: 2F
0-2: Foul Ball, location: 2F
0-2: Strikes out looking
Batting: RHB Bobby Adams 0-0: Ball
1-0: Ground out 6-3 (Groundball, 6, EV 85.6 MPH)
Top of the 3rd over - 0 runs, 0 hits, 0 errors, 0 left on base; Mahoning Valley 0 - Aberdeen 1
BOTTOM OF THE 3RD
Aberdeen Ironbirds batting - Pitching for Mahoning Valley Scrappers : LHP Kyle Beach
Batting: RHB Guillermo Vargas 0-0: Ball
1-0: Fly out, F4 (Popup, 4D, EV 68.1 MPH)
Batting: LHB Suguru Tokunaga 0-0: Ground out 3-1 (Groundball, 34S, EV 81.3 MPH)
Batting: RHB Andres Cervantes 0-0: Called Strike
0-1: Fly out, F8 (Flyball, 78XD, EV 82.5 MPH)
Bottom of the 3rd over - 0 runs, 0 hits, 0 errors, 0 left on base; Mahoning Valley 0 - Aberdeen 1
TOP OF THE 4TH
Mahoning Valley Scrappers batting - Pitching for Aberdeen Ironbirds : RHP Pat Warne
Batting: RHB Ryan Martins 0-0: Swinging Strike
0-1: Hit by Pitch
Batting: LHB Adam Hill 0-0: Fielders Choice at 2nd, 4-6 (Groundball, 4, EV 100.0 MPH)
Batting: RHB Justin Jennings 0-0: Called Strike
0-1: Ball
Adam Hill steals 2nd base
1-1: Ball
2-1: Foul Ball, location: 2F
2-2: SINGLE (Line Drive, 34D, EV 107.5 MPH)
Adam Hill to third
Runner from 3rd tries for Home, throw by RF and OUT! 9-2
Batting: LHB Cesar Valdez 0-0: Called Strike
0-1: Called Strike
0-2: Ball
1-2: Fly out, F7 (Line Drive, 7, EV 105.6 MPH)
Top of the 4th over - 0 runs, 1 hit, 0 errors, 1 left on base; Mahoning Valley 0 - Aberdeen 1
BOTTOM OF THE 4TH
Aberdeen Ironbirds batting - Pitching for Mahoning Valley Scrappers : LHP Kyle Beach
Batting: RHB Tenshou Takita 0-0: Fly out, F8 (Flyball, 8LXD, EV 85.0 MPH)
Batting: RHB Omar Mascarenas 0-0: Swinging Strike
0-1: Ball
1-1: Foul Ball, location: 2F
1-2: Ball
2-2: Ball
3-2: Foul Ball, location: 2F
3-2: Foul Ball, location: 2F
3-2: Foul Ball, location: 2F
3-2: Base on Balls
Batting: RHB Brian Parker 0-0: Ball
Passed Ball!
Omar Mascarenas to second
1-0: Swinging Strike
1-1: SINGLE (Line Drive, 56D, EV 100.0 MPH)
Omar Mascarenas to third
Batting: RHB Jose Vasquez 0-0: Called Strike
0-1: Called Strike
0-2: Ball
Passed Ball!
Omar Mascarenas scores
Brian Parker to second
1-2: Ground out 4-3 (Groundball, 4S, EV 91.3 MPH)
Brian Parker to third
Batting: RHB Matt All 0-0: Ball
1-0: Foul Ball, location: 2F
1-1: Ball
Wild Pitch!
Brian Parker scores
2-1: Called Strike
2-2: Ball
3-2: Base on Balls
Batting: RHB Juan Fernandez 0-0: Ball
Matt All steals 2nd base
1-0: SINGLE (Groundball, 6MD, EV 105.0 MPH)
Matt All to third
Runner from 3rd tries for Home, SAFE, throw by CF to home
Batting: RHB Guillermo Vargas 0-0: Called Strike
0-1: Called Strike
0-2: Strikes out looking
Bottom of the 4th over - 3 runs, 2 hits, 0 errors, 1 left on base; Mahoning Valley 0 - Aberdeen 4
TOP OF THE 5TH
Mahoning Valley Scrappers batting - Pitching for Aberdeen Ironbirds : RHP Pat Warne
Batting: RHB Brad Heise 0-0: Called Strike
0-1: Ball
1-1: Called Strike
1-2: Strikes out swinging
Batting: LHB Adrian Engelhardt 0-0: Foul Ball, location: 2F
0-1: Ground out 4-3 (Groundball, 4M, EV 102.5 MPH)
Batting: RHB Mike Womack 0-0: Ball
1-0: Ball
2-0: SINGLE (Groundball, 6D, EV 96.9 MPH)
Batting: RHB Nick Lawrence 0-0: Ball
1-0: Called Strike
1-1: Foul Ball, location: 2F
1-2: Ball
2-2: Ball
Mike Womack steals 2nd base
3-2: Ground out U3 (Groundball, 34, EV 78.1 MPH)
Top of the 5th over - 0 runs, 1 hit, 0 errors, 1 left on base; Mahoning Valley 0 - Aberdeen 4
BOTTOM OF THE 5TH
Aberdeen Ironbirds batting - Pitching for Mahoning Valley Scrappers : LHP Kyle Beach
Batting: LHB Suguru Tokunaga 0-0: Ball
1-0: Ball
2-0: Called Strike
2-1: Ground out 1-3 (Groundball, 34S, EV 61.9 MPH)
Batting: RHB Andres Cervantes 0-0: Called Strike
0-1: Ball
1-1: Ball
2-1: Ball
3-1: Base on Balls
Batting: RHB Tenshou Takita 0-0: Ball
Wild Pitch!
Andres Cervantes to second
1-0: Ball
Andres Cervantes steals 3rd base
2-0: SINGLE (Groundball, 6D, EV 98.8 MPH)
Andres Cervantes scores
Pitching: RHP Alheib Kemai
Batting: RHB Omar Mascarenas 0-0: Called Strike
Tenshou Takita steals 2nd base
0-1: Ball
1-1: Ball
Passed Ball!
Tenshou Takita to third
2-1: Ball
3-1: Foul Ball, location: 2F
3-2: Ground out U3 (Groundball, 3L, EV 106.3 MPH)
Batting: RHB Brian Parker 0-0: Foul Ball, location: 2F
0-1: Ground out 6-3 (Groundball, 6S, EV 85.0 MPH)
Bottom of the 5th over - 1 run, 1 hit, 0 errors, 1 left on base; Mahoning Valley 0 - Aberdeen 5
TOP OF THE 6TH
Mahoning Valley Scrappers batting - Pitching for Aberdeen Ironbirds : RHP Pat Warne
Batting: RHB Bobby Adams 0-0: Called Strike
0-1: Foul Ball, location: 2F
0-2: Ball
1-2: Strikes out swinging
Pitching: RHP Kevin Sutter
Batting: RHB Ryan Martins 0-0: Foul Ball, location: 2F
0-1: Called Strike
0-2: Foul Ball, location: 2F
0-2: Hit by Pitch
Batting: LHB Adam Hill 0-0: Called Strike
Ryan Martins steals 2nd base (no throw)
0-1: Ball
1-1: Called Strike
1-2: Strikes out swinging
Batting: RHB Justin Jennings 0-0: Ball
1-0: Ball
2-0: Called Strike
2-1: Foul Ball, location: 2F
2-2: Strikes out swinging
Top of the 6th over - 0 runs, 0 hits, 0 errors, 1 left on base; Mahoning Valley 0 - Aberdeen 5
BOTTOM OF THE 6TH
Aberdeen Ironbirds batting - Pitching for Mahoning Valley Scrappers : RHP Alheib Kemai
Batting: RHB Jose Vasquez 0-0: Called Strike
0-1: SINGLE (Flyball, 6MD, EV 90.6 MPH)
Batting: RHB Matt All 0-0: Called Strike
Jose Vasquez steals 2nd base
0-1: Ball
Passed Ball!
Jose Vasquez to third
1-1: Ground out 3-1 (Groundball, 34S, EV 88.8 MPH)
Jose Vasquez scores
Batting: RHB Juan Fernandez 0-0: Ball
1-0: Ball
2-0: Foul Ball, location: 2F
2-1: Foul Ball, location: 2F
2-2: Ground out 6-3 (Groundball, 6, EV 103.8 MPH)
Batting: RHB Guillermo Vargas 0-0: Ball
1-0: Ball
2-0: Ground out 4-3 (Groundball, 4, EV 91.9 MPH)
Bottom of the 6th over - 1 run, 1 hit, 0 errors, 0 left on base; Mahoning Valley 0 - Aberdeen 6
TOP OF THE 7TH
Mahoning Valley Scrappers batting - Pitching for Aberdeen Ironbirds : RHP Kevin Sutter
Batting: LHB Cesar Valdez 0-0: Called Strike
0-1: Foul Ball, location: 2F
0-2: Strikes out swinging
Batting: RHB Brad Heise 0-0: Ball
1-0: Ball
2-0: Called Strike
2-1: Called Strike
2-2: Strikes out swinging
Batting: LHB Adrian Engelhardt 0-0: Ball
1-0: Ground out 4-3 (Groundball, 4, EV 85.6 MPH)
Top of the 7th over - 0 runs, 0 hits, 0 errors, 0 left on base; Mahoning Valley 0 - Aberdeen 6
BOTTOM OF THE 7TH
Aberdeen Ironbirds batting - Pitching for Mahoning Valley Scrappers : RHP Alheib Kemai
Batting: LHB Suguru Tokunaga 0-0: Fly out, F8 (Line Drive, 8LD, EV 97.5 MPH)
Batting: RHB Andres Cervantes 0-0: Ground out U3 (Groundball, 3, EV 85.0 MPH)
Batting: RHB Tenshou Takita 0-0: Ball
1-0: Foul Ball, location: 2F
1-1: Swinging Strike
1-2: Foul Ball, location: 2F
1-2: Ground out 4-3 (Groundball, 34, EV 86.9 MPH)
Bottom of the 7th over - 0 runs, 0 hits, 0 errors, 0 left on base; Mahoning Valley 0 - Aberdeen 6
TOP OF THE 8TH
Mahoning Valley Scrappers batting - Pitching for Aberdeen Ironbirds : RHP Kevin Sutter
Batting: RHB Mike Womack 0-0: Foul Ball, location: 2F
0-1: Called Strike
0-2: Strikes out looking
Batting: RHB Nick Lawrence 0-0: Called Strike
0-1: Ball
1-1: Ball
2-1: Ball
3-1: Base on Balls
Pitching: RHP Erick Cruz
Batting: RHB Bobby Adams 0-0: Called Strike
0-1: Ball
1-1: Ball
2-1: Swinging Strike
2-2: Ball
Wild Pitch!
Nick Lawrence to second
3-2: Strikes out swinging
Batting: RHB Ryan Martins 0-0: Ground out 6-3 (Groundball, 6, EV 83.8 MPH)
Top of the 8th over - 0 runs, 0 hits, 0 errors, 1 left on base; Mahoning Valley 0 - Aberdeen 6
BOTTOM OF THE 8TH
Aberdeen Ironbirds batting - Pitching for Mahoning Valley Scrappers : RHP Alheib Kemai
Batting: RHB Omar Mascarenas 0-0: Ball
1-0: Fly out, F8 (Flyball, 8RS, EV 88.8 MPH)
Batting: RHB Brian Parker 0-0: Ball
1-0: Called Strike
1-1: Fly out, F6 (Line Drive, 6, EV 65.6 MPH)
Batting: RHB Jose Vasquez 0-0: Ball
1-0: Swinging Strike
1-1: Fly out, F5 (Popup, 5S, EV 66.9 MPH)
Bottom of the 8th over - 0 runs, 0 hits, 0 errors, 0 left on base; Mahoning Valley 0 - Aberdeen 6
TOP OF THE 9TH
Mahoning Valley Scrappers batting - Pitching for Aberdeen Ironbirds : RHP Erick Cruz
Batting: LHB Adam Hill 0-0: Called Strike
0-1: Foul Ball, location: 2F
0-2: Ball
1-2: Strikes out swinging
Batting: RHB Justin Jennings 0-0: Ground out 6-3 (Groundball, 6S, EV 82.5 MPH)
Batting: LHB Cesar Valdez 0-0: Ball
1-0: Ball
2-0: Called Strike
2-1: Foul Ball, location: 2F
2-2: DOUBLE (Groundball, 5L, EV 106.3 MPH)
Batting: RHB Brad Heise 0-0: Called Strike
0-1: Hit by Pitch
Batting: LHB Adrian Engelhardt 0-0: Called Strike
0-1: Ball
1-1: Ball
2-1: Ball
3-1: Foul Ball, location: 2F
3-2: Strikes out swinging
Top of the 9th over - 0 runs, 1 hit, 0 errors, 2 left on base; Mahoning Valley 0 - Aberdeen 6
Tuesday, March 28th , 2023 - OOTP Baseball 23.10 Build 110